 Dungeon Crawl Stone Soup version 0.32-a0-433-g08bcfe7efd (webtiles) character file.

Game seed: 3064118546767041770

62 javelincjr the Chopper (level 3, -1/33 HPs)
             Began as a Mountain Dwarf Monk on Feb 22, 2024.
             Slain by Crazy Yiuf
             ... wielding a +2 quarterstaff of chaos
              (6 damage)
             ... on level 2 of the Dungeon.
             The game lasted 00:04:08 (1176 turns).

javelincjr the Chopper (Mountain Dwarf Monk)        Turns: 1176, Time: 00:04:08

Health: -1/33      AC:  3    Str: 15    XL:     3   Next: 85%
Magic:  3/3        EV: 12    Int: 10    God:
Gold:   90         SH:  0    Dex: 12    Spells: 2/2 levels left

rFire   . . .        a - +0 hand axe
rCold   . . .        d - orb {light}
rNeg    . . .        b - +0 robe
rPois   .            i - +1 hat {Will+}
rElec   .            (no cloak)
rCorr   .            (no gloves)
SInv    .            (no boots)
Will    +....        (no amulet)
Stlth   +            l - ring of flight
HPRegen 0.25/turn    (no ring)
MPRegen 0.08/turn

%: no passive effects
@: lethally poisoned (-1 -> -7), flying, glowing
A: runic magic, artefact enchanting
a: no special abilities


You were on level 2 of the Dungeon.
You visited 1 branch of the dungeon, and saw 2 of its levels.

You collected 90 gold pieces.

Inventory:

Hand Weapons
 a - a +0 hand axe (weapon)
Missiles
 f - 2 poisoned darts (quivered)
Armour
 b - a +0 robe (worn)
 d - an orb of light (worn)
 i - a +1 hat of willpower (worn)
Jewellery
 l - a ring of flight (left hand)
Scrolls
 e - a scroll of noise {unknown}
 j - a scroll of revelation {unknown}
 k - 2 scrolls of vulnerability {unknown}
 m - a scroll of enchant weapon {unknown}
 n - a scroll of identify {unknown}
 o - a scroll of fear {unknown}
 q - a scroll of poison {unknown}
 r - a scroll of teleportation {unknown}
Potions
 c - a potion of ambrosia
 g - a potion of berserk rage {unknown}
 h - a potion of brilliance {unknown}
 p - a potion of might {unknown}
 s - a potion of curing {unknown}


   Skills:
 * Level 4.1 Fighting
 + Level 4.2 Axes
 + Level 1.3 Armour
 + Level 2.5 Dodging


You had 2 spell levels left.
You didn't know any spells.
Your spell library was empty.

Dungeon Overview and Level Annotations

Branches:
Dungeon (2/15)

Altars:

Annotations:
D:2 Crazy Yiuf


Innate Abilities, Weirdness & Mutations

Your spellcasting is much less encumbered by armour.
You can use scrolls of enchantment on lesser artefacts.


Message History

The adder bites you. The adder barely misses you.
You barely miss the adder.
The adder is severely wounded.
The adder closely misses you.
You hit the adder.
You kill the adder!
No target in view!
r - a scroll labelled RAIMNURRYAC
s - a dark potion
k - 2 scrolls labelled EJUENKEAHERR (gained 1)
You see here a bat skeleton.
There is a stone staircase leading down here.
There is a stone staircase leading up here.
You reach down and open the door.
You hit Crazy Yiuf.
Crazy Yiuf is lightly wounded.
Crazy Yiuf hits you with a +2 quarterstaff of chaos.
Crazy Yiuf freezes you.
You hit Crazy Yiuf.
Crazy Yiuf is lightly wounded.
Crazy Yiuf barely misses you.
You hit Crazy Yiuf.
Crazy Yiuf is moderately wounded.
Crazy Yiuf says, "Spliff!"
Crazy Yiuf hits you with a +2 quarterstaff of chaos.
You are poisoned.
You hit Crazy Yiuf but do no damage.
Crazy Yiuf is moderately wounded.
You feel very sick.
Crazy Yiuf screams, "Scoff!
Ghoul chair turtle."
Crazy Yiuf hits you with a +2 quarterstaff of chaos.
Crazy Yiuf burns you.
You hit Crazy Yiuf but do no damage.
Crazy Yiuf is moderately wounded.
You feel sick.
Crazy Yiuf flaps his cloak.
Crazy Yiuf hits you with a +2 quarterstaff of chaos!
* * * LOW HITPOINT WARNING * * *
You convulse.
You die...

#....## #.#.# #
#.##.# #<#.# ##
#>...# #.#.# #.
####.# #####
#####.#.###. #.#
#)..# #.......(...
#.# #...#
#.########.. #.#
... #.# #.. #.# #g#
#.# #.# #.#######
♣@♣♣ #.########.#
####.......# ♣♣.♣
#........#.#
...........# ♣.♣♣
#.######.#.#
####.####### ♣♣.♣
#........... # #.#
♣♣.♣♣ #.###......#
# #.# ♣♣PP.♣
#....#.#...# # #.#
♣..P.♣ #.#.........
# #.# ##..##
#.##.#.#..## ####.#
#....###.###.....##


You could see Crazy Yiuf.

Vanquished Creatures
  2 adders (D:2)
  3 endoplasms (D:1)
  4 giant cockroaches (D:2)
  2 hobgoblins
  2 jackals (D:2)
  A quokka (D:1)
  5 ball pythons
  8 bats
  A frilled lizard (D:2)
  8 goblins
  3 kobolds (D:2)
  2 rats
41 creatures vanquished.

Notes
Turn   | Place    | Note
-------+----------+-------------------------------------------
     0 | D:1      | javelincjr the Mountain Dwarf Monk began the quest for the
                  | Orb.
     0 | D:1      | Reached XP level 1. HP: 19/19 MP: 1/1
   106 | D:1      | Reached XP level 2. HP: 21/26 MP: 2/2
   272 | D:1      | Found a faded altar of an unknown god.
   534 | D:2      | Reached skill level 1 in Armour
   534 | D:2      | Reached XP level 3. HP: 29/33 MP: 3/3
   818 | D:2      | Found a runed translucent door.
   819 | D:2      | Noticed Crazy Yiuf
  1176 | D:2      | Slain by Crazy Yiuf

Illustrated notes

Levels and vault maps discovered:
D:1:      saegor_arrival_simple_c, layout_rooms,
          hellmonk_ecumenical_altar_pennies_from_heaven
D:2:      layout_loops_ring, hangedman_decor_slide_cut, uniq_crazy_yiuf_cottage

Skill      XL: |  1  2  3 |
---------------+----------+-----
Axes           | 4 |  4.2
Armour         | 1 |  1.3
Fighting       | 4 |  4.1
Dodging        | |  2.5

Action                     || total
---------------------------++-------
  Melee: Hand axe          ||   116
 Armour: Robe              ||    61
  Dodge: Dodged            ||    91

Table legend: (Time is in decaauts)
 A = Elapsed time spent in this place.
 B = Non-inter-level travel time spent in this place.
 C = Inter-level travel time spent in this place.
 D = Time resting spent in this place.
 E = Time spent auto-exploring this place.
 F = Levels seen in this place.
 G = Mean time per level.
                   A        B        C        D        E       F      G
               +--------+--------+--------+--------+--------+-----+--------+
         Total |   1188 |   1168 |     20 |      0 |    893 |   2 |  594.0 |
       Dungeon |   1188 |   1168 |     20 |      0 |    893 |   2 |  594.0 |
               +--------+--------+--------+--------+--------+-----+--------+

Top non-repeatable levels by time:
     D:2: 731 daAuts
     D:1: 457 daAuts
